 Dungeon Crawl Stone Soup version 0.21.1-1-g345015f (webtiles) character file.

51 GenChuck the Caller (level 3, 0/19 HPs)
             Began as a Tengu Summoner on Apr 2, 2018.
             Was an Initiate of Sif Muna.
             Succumbed to an adder's poison
             ... on level 2 of the Dungeon.
             The game lasted 00:14:40 (1934 turns).

GenChuck the Caller (Tengu Summoner)                Turns: 1934, Time: 00:14:41

Health: 0/19       AC:  5    Str:  8    XL:     3   Next: 83%
Magic:  5/7        EV: 10    Int: 21    God:    Sif Muna [......]
Gold:   41         SH:  0    Dex: 14    Spells: 3/6 levels left

rFire    . . .     SeeInvis .   d - +0 spear
rCold    . . .     Gourm    .   (no shield)
rNeg     . . .     Faith    .   g - +0 ring mail
rPois    .         Spirit   .   (helmet restricted)
rElec    .         Reflect  .   (no cloak)
rCorr    .         Harm     .   (no gloves)
MR       .....                  (boots unavailable)
Stlth    +.........             (no amulet)
HPRegen  0.06/turn              (no ring)
MPRegen  0.10/turn              (no ring)

@: brilliant, lethally poisoned (0 -> -9)
A: beak, talons 3
a: Renounce Religion


You were on level 2 of the Dungeon.
You worshipped Sif Muna.
Sif Muna was noncommittal.
You were hungry.

You visited 1 branch of the dungeon, and saw 3 of its levels.

You collected 41 gold pieces.

Inventory:

Hand Weapons
 d - a +0 spear (weapon)
 f - a +0 war axe
 h - a +1 short sword of electrocution
Armour
 a - a +0 robe
 g - a +0 ring mail (worn)
Jewellery
 e - an uncursed ring of positive energy {unknown}
Books
 b - a book of Callings

   Spells                             Type                      Level
   a - Summon Small Mammal            Summoning                    1
   b - Call Imp                       Summoning                    2
   c - Call Canine Familiar           Summoning                    3
   d - Summon Guardian Golem          Hexes/Summoning              3
   e - Summon Lightning Spire         Summoning/Air                4
   f - Summon Ice Beast               Ice/Summoning                4
Comestibles
 c - 2 chunks of flesh


   Skills:
 + Level 0.5 Polearms
 + Level 0.3 Armour
 * Level 2.6 Dodging
 + Level 2.0 Stealth
 + Level 2.3 Spellcasting
 * Level 5.7 Summonings


You had 3 spell levels left.
You knew the following spells:

 Your Spells              Type           Power        Failure   Level  Hunger
a - Summon Small Mammal   Summ           ####         1%          1    #......
b - Call Imp              Summ           #####...     1%          2    ##.....


Dungeon Overview and Level Annotations

Branches:
Dungeon (3/15)

Altars:
Sif Muna


Innate Abilities, Weirdness & Mutations

You have a beak for a mouth.
You have claws for feet.


Message History

Confirm with . or Enter, or press ? or * to list all spells.
A beastly little devil appears in a puff of frigid air.
* * * LOW HITPOINT WARNING * * *
You feel sick.
The hobgoblin hits your white imp with a club.
The adder closely misses you. The adder completely misses you.
* * * LOW HITPOINT WARNING * * *
You feel sick.
The hobgoblin completely misses your white imp.
Your white imp hits the hobgoblin.
Your white imp freezes the hobgoblin.
You closely miss the adder. The adder bites you but does no damage.
The hobgoblin hits your white imp with a club.
Your white imp gestures at the hobgoblin.
The puff of frost hits the hobgoblin.
The hobgoblin dies!
Sif Muna accepts your kill. The adder barely misses you.
You miss the adder. You claw the adder.
The adder is lightly wounded.
You die...

#.#.# #.# #.#.# #.# #.#.# #.#
#.#.# #.# #.#.# #.# ##.#.# #.#
#..#.# #.# #.##.# #.#
#@##.#########.###
..##########S##..............
............lS##..............
............5.)##..............
#...........).).###.............
#...............###.............
#...............................
#...............................
##...............................


You could see 2 adders, a frilled lizard and a friendly white imp.

Vanquished Creatures
  A gnoll (D:2)
  An adder (D:2)
  4 bats
  2 goblins (D:1)
  A hobgoblin (D:1)
  2 frilled lizards
  2 kobolds
  4 rats
17 creatures vanquished.

Vanquished Creatures (collateral kills)
  2 gnolls (D:2)
  A dart slug (D:2)
  3 bats
  3 hobgoblins
  A kobold (D:2)
  3 frilled lizards
  A rat (D:2)
14 creatures vanquished.

Grand Total: 31 creatures vanquished

Notes
Turn   | Place    | Note
-------+----------+-------------------------------------------
     0 | D:1      | GenChuck the Tengu Summoner began the quest for the Orb.
     0 | D:1      | Reached XP level 1. HP: 10/10 MP: 4/4
   347 | D:1      | Reached skill level 5 in Summonings
   513 | D:1      | Reached XP level 2. HP: 15/15 MP: 4/6
   517 | D:1      | Learned a level 2 spell: Call Imp
  1201 | D:2      | Reached XP level 3. HP: 15/19 MP: 3/7
  1859 | D:2      | Found a deep blue altar of Sif Muna.
  1868 | D:2      | Became a worshipper of Sif Muna the Loreminder
  1934 | D:2      | Succumbed to an adder's poison

Skill      XL: |  1 |
---------------+----+-----
Summonings     | 5 |  5.7
Polearms       | |  0.5
Armour         | |  0.3
Dodging        | |  2.6
Stealth        | |  2.0
Spellcasting   | |  2.3

Action                   || total
-------------------------++-------
Melee: Spear             ||    51
       Kick              ||    12
       Unarmed           ||     3
       Peck              ||     8
 Cast: Summon Small Mamm ||     8
       Call Imp          ||    11
  Use: Scroll            ||     3
       Potion            ||     1
  Eat: Ration            ||     1
Armor: Ring mail         ||    37
Dodge: Dodged            ||    54
